 Dungeon Crawl Stone Soup version 0.29.1-13-g9f3cf754e1 (webtiles) character file.

Game seed: 16068863221400538742

282 Saba the Shooter (level 6, -2/39 HPs)
             Began as a Gargoyle Hunter on Feb 8, 2023.
             Slain by an iguana (7 damage)
             ... on level 4 of the Dungeon.
             The game lasted 00:07:11 (3727 turns).

Saba the Shooter (Gargoyle Hunter)                  Turns: 3727, Time: 00:07:11

Health: -2/39      AC:  9    Str: 19      XL:     6   Next: 28%
Magic:  6/6        EV: 11    Int:  7 (8)  God:
Gold:   168        SH:  0    Dex: 14      Spells: 5/5 levels left

rFire   x . .      SeeInvis .   d - +5 trident of Gluttony {flame, rElec rF- rN+}
rCold   . . .      Faith    .   (no shield)
rNeg    + + .      Spirit   .   c - +0 leather armour
rPois   ∞          Reflect  .   k - +0 helmet
rElec   +          Harm     .   (no cloak)
rCorr   .          Rampage  .   (no gloves)
Will    .....                   m - +0 pair of boots
Stlth   +.........              (no amulet)
HPRegen 0.13/turn               (no ring)
MPRegen 0.10/turn               (no ring)

@: no status effects
A: sickness immunity, AC +4, negative energy resistance 1, electricity
resistance, torment resistance 1, petrification resistance, deterioration 1,
strong 1
a: no special abilities


You were on level 4 of the Dungeon.
You visited 1 branch of the dungeon, and saw 4 of its levels.

You collected 168 gold pieces.

Inventory:

Hand Weapons
 d - the +5 trident of Gluttony (weapon) {flame, rElec rF- rN+}
   (You found it on level 4 of the Dungeon)

   It burns those it strikes, dealing additional fire damage.
   rF:        It makes you vulnerable to fire.
   rElec:     It insulates you from electricity.
   rN:        It protects you from negative energy.
 l - a +0 sling of flaming
Armour
 c - a +0 leather armour (worn)
 k - a +0 helmet (worn)
 m - a +0 pair of boots (worn)
Scrolls
 e - 2 scrolls of identify
 h - a scroll of noise
 j - 2 scrolls of teleportation
 n - a scroll of vulnerability {unknown}
 o - a scroll of fog {unknown}
Potions
 a - a potion of magic {unknown}
 b - a potion of curing
 f - a potion of flight
 g - a potion of invisibility
 i - 2 potions of berserk rage
 p - a potion of lignification {unknown}


   Skills:
 + Level 4.3 Fighting
 * Level 6.4 Ranged Weapons
 - Level 1.5 Dodging
 - Level 1.1 Stealth


You had 5 spell levels left.
You didn't know any spells.
Your spell library contained the following spells:

 Spells                   Type           Power      Damage    Failure   Level
 Apportation              Tloc           0%         N/A       50%         1
 Necrotise                Necr           0%         1d4       50%         1
 Summon Small Mammal      Summ           0%         N/A       50%         1
 Ensorcelled Hibernation  Hex/Ice        0%         N/A       63%         2
 Ozocubu's Armour         Ice            0%         N/A       86%         3
 Spider Form              Tmut/Pois      0%         N/A       86%         3
 Anguish                  Hex/Necr       0%         N/A       99%         4
 Ozocubu's Refrigeration  Ice            0%         4d7       100%        7


Dungeon Overview and Level Annotations

Branches:
Dungeon (4/15)
 Temple: D:4-7

Altars:
Trog

Shops:
D:2 !

Annotations:
D:3 Ijyb


Innate Abilities, Weirdness & Mutations

You are immune to sickness and miasma.
Your stone body is resilient. (AC +4)
You are immune to poison.
You resist negative energy. (rN+)
You are resistant to electric shocks. (rElec)
You are resistant to unholy torment.
You are immune to petrification.
Your body sometimes deteriorates upon taking damage.
Your muscles are strong. (Str +4, Int/Dex -1)


Message History

You feel a bit more experienced.
An iguana comes into view.
The kobold hits you but does no damage.
The iguana hisses angrily.
You hit the kobold. You burn the kobold.
You kill the kobold!
You barely miss the orc.
The orc is moderately wounded.
The orc hits you but does no damage.
You hit the orc. You burn the orc.
The orc is severely wounded.
The orc barely misses you. x2
You hit the orc. You burn the orc.
You kill the orc!
You completely miss the orc. The orc hits you but does no damage.
You barely miss the orc. The orc barely misses you.
You puncture the orc! You burn the orc.
You kill the orc!
The adder misses you.
You hit the adder. You burn the adder.
The adder is heavily wounded.
The adder bites you but does no damage. The adder closely misses you.
You puncture the adder! You burn the adder.
You kill the adder!
You hit the orc. You burn the orc.
The orc is almost dead.
The orc barely misses you. The orc closely misses you.
You puncture the orc! You burn the orc.
You kill the orc!
You hit the iguana. You burn the iguana.
The iguana is heavily wounded.
The iguana misses you.
You closely miss the iguana.
The iguana is heavily wounded.
The iguana bites you. The iguana bites you!
* * * LOW HITPOINT WARNING * * *
You closely miss the iguana.
The iguana is heavily wounded.
The iguana bites you!
You die...

..........#......# #...
#........##....).....#
##...........#####.....####
..............^8^.....##
.......#.....#####....#
.........##...##.##.#..
.......## ###....##.####
.......# ##..####. ...S...#
###...l@.# #....o#
#...####.# ...##K.###.###
... . ##S....## .....
##[..o.## ....... #.......#
##.#### #.......# .#
#.......# .. ##.....##


You could see an iguana.

Vanquished Creatures
  2 hounds (D:4)
  An orc wizard (D:4)
  Robin (D:2)
  8 gnolls
  3 adders
  A worm (D:4)
  A dart slug (D:4)
  10 orcs
  5 ball pythons
  2 endoplasms
  2 giant cockroaches
  11 goblins
  8 hobgoblins
  A quokka (D:2)
  7 bats
  4 frilled lizards
  6 kobolds
  4 rats
77 creatures vanquished.

Notes
Turn   | Place    | Note
-------+----------+-------------------------------------------
     0 | D:1      | Saba the Gargoyle Hunter began the quest for the Orb.
     0 | D:1      | Reached XP level 1. HP: 12/12 MP: 1/1
   191 | D:1      | Reached XP level 2. HP: 18/18 MP: 2/2
   559 | D:1      | Reached XP level 3. HP: 22/22 MP: 3/3
   916 | D:2      | Found a faded altar of an unknown god.
   986 | D:2      | Found a bloodstained altar of Trog.
  1084 | D:2      | Found Souh's Distillery.
  1341 | D:2      | Noticed Robin
  1353 | D:2      | Killed Robin
  1356 | D:2      | Reached skill level 5 in Ranged Weapons
  1841 | D:3      | Reached XP level 4. HP: 22/28 MP: 4/4
  2070 | D:3      | Reached XP level 5. HP: 24/32 MP: 5/5
  2373 | D:3      | Noticed Ijyb
  2393 | D:3      | Gained mutation: You have sharp fingernails. [potion of
                  | mutation]
  2393 | D:3      | Gained mutation: You have sharp toenails. [potion of
                  | mutation]
  2393 | D:3      | Gained mutation: Your spells are a little harder to cast,
                  | but a little more powerful. [potion of mutation]
  2967 | D:4      | Identified the +5 trident of Gluttony {flame, rElec rF-
                  | rN+}
  3091 | D:4      | Lost mutation: You have sharp toenails. [potion of
                  | mutation]
  3091 | D:4      | Lost mutation: Your spells are a little harder to cast, but
                  | a little more powerful. [potion of mutation]
  3091 | D:4      | Lost mutation: You have sharp fingernails. [potion of
                  | mutation]
  3091 | D:4      | Gained mutation: Your muscles are strong. (Str +4, Int/Dex
                  | -1) [potion of mutation]
  3091 | D:4      | Gained mutation: Your body sometimes deteriorates upon
                  | taking damage. [potion of mutation]
  3169 | D:4      | Reached skill level 6 in Ranged Weapons
  3462 | D:3      | Reached XP level 6. HP: 21/38 MP: 6/6
  3727 | D:4      | Slain by an iguana

Illustrated notes

Levels and vault maps discovered:
D:1:      nzn_arrival_settlement, layout_loops_ring
D:2:      layout_basic, serial_shops, nicolae_shop_statue_plus,
          chequers_ecumenical_altar_simple, serial_glass, glass_columns_b,
          glass_columns_a, glass_columns_b, glass_columns_c, glass_columns_a,
          glass_columns_b, due_unseen_surprise, item_on_display_a,
          minmay_strange_pillars, basic_altar, hex_tiny, uniq_robin
D:3:      layout_loops_ring, uniq_ijyb
D:4:      layout_rooms, serial_corexii_hall, corexii_hall_statues_x,
          corexii_hall_statues_l, ebering_dispersal_statue_hall,
          reono_crystal_passage, lightli_corner_chamber, uniq_sigmund

Skill      XL: |  1  2  3  4  5 |
---------------+----------------+-----
Fighting       | 3 4 |  4.3
Ranged Weapons | 5 6 |  6.4
Dodging        | |  1.5
Stealth        | |  1.1

Action                   |  1- 3 |  4- 6 || total
-------------------------+-------+-------++-------
Melee: Trident           |       |    66 ||    66
       Punch             |       |     1 ||     1
 Fire: Shortbow          |    87 |       ||    87
       Sling             |    18 |    75 ||    93
  Use: Scroll            |     5 |     2 ||     7
       Potion            |       |     8 ||     8
Armor: Leather armour    |    15 |    59 ||    74
Dodge: Dodged            |    35 |    62 ||    97
